 Dungeon Crawl Stone Soup version 0.27-a0-457-gba82baf56e (webtiles) character file.

Game seed: 11167617936519118203

8 Chiseanne the Skirmisher (level 2, 14/25 HPs)
             Began as a Demonspawn Wanderer on Feb 28, 2021.
             Quit the game on level 1 of the Dungeon.
             The game lasted 00:00:15 (152 turns).

Chiseanne the Skirmisher (Demonspawn Wanderer)       Turns: 152, Time: 00:00:15

Health: 14/25      AC:  2    Str: 12    XL:     2   Next: 0%
Magic:  2/2        EV: 11    Int: 14    God:
Gold:   0          SH:  0    Dex: 11    Spells: 1/1 levels left

rFire    . . .     SeeInvis .   a - +2 quarterstaff
rCold    . . .     Faith    .   (shield currently unavailable)
rNeg     . . .     Spirit   .   d - +0 robe
rPois    .         Reflect  .   (no helmet)
rElec    .         Harm     .   (no cloak)
rCorr    .         Rampage  .   (no gloves)
Will     .....                  (no boots)
Stlth    +.........             (no amulet)
HPRegen  0.08/turn              (no ring)
MPRegen  0.08/turn              (no ring)

@: no status effects
A: claws 1
a: no special abilities


You were on level 1 of the Dungeon.
You visited 1 branch of the dungeon, and saw 1 of its levels.

Inventory:

Hand Weapons
 a - a +2 quarterstaff (weapon)
Armour
 d - a +0 robe (worn)
Scrolls
 c - a scroll of teleportation
 f - a scroll of identify {unknown}
 g - a scroll of fog {unknown}
Potions
 b - a potion of curing
 e - 2 potions of invisibility {unknown}


   Skills:
 * Level 4.2 Fighting
 - Level 2.6 Staves
 * Level 1.0 Dodging
 - Level 1.0 Stealth
 - Level 1.0 Shields
 - Level 1.0 Evocations


You had one spell level left.
You didn't know any spells.
Your spell library was empty.

Dungeon Overview and Level Annotations

Branches:
Dungeon (1/15)

Altars:


Innate Abilities, Weirdness & Mutations

You have sharp fingernails.


Message History

The giant cockroach bites you but does no damage.
You barely miss the giant cockroach.
The giant cockroach is heavily wounded.
The jackal barks!
The bat closely misses you. x2
A bat comes into view.
The bat hits you but does no damage.
A jackal comes into view.
The giant cockroach barely misses you. The jackal closely misses you.
The giant cockroach closely misses you.
You hit the giant cockroach.
You kill the giant cockroach!
The bat hits you. The jackal barely misses you.
The bat hits you but does no damage. The jackal closely misses you.
You thump the bat!
You kill the bat!
The bat hits you. The jackal barely misses you. The jackal bites you.
The jackal closely misses you.
You hit the jackal.
The jackal is moderately wounded.
The bat hits you but does no damage. The bat barely misses you.
The jackal bites you but does no damage.
The bat hits you but does no damage.
You closely miss the bat. The bat hits you but does no damage.
The jackal bites you but does no damage.
The jackal bites you.
You sock the jackal!
You kill the jackal!
The jackal misses you.
The jackal bites you but does no damage.
The jackal misses you.
You sock the jackal!
You kill the jackal!
The bat hits you. The jackal bites you. The jackal closely misses you.
The jackal misses you. x2
Your Dodging skill increases to level 1!
You have reached level 2!
Your demonic ancestry asserts itself...
Your fingernails lengthen.
Are you sure you want to abandon this character and quit the game? (Confirm with "yes".)

..........#
...######.#
#.# #.# #.#
#.# #.#
#.###.###
#..†@h..#
......h#†#.#
.....b...#.#
####.#.### #
..... ### .#
.. #.


You could see 2 jackals and a bat.

Vanquished Creatures
  A bat (D:1)
  2 giant cockroaches (D:1)
  2 jackals (D:1)
  A kobold (D:1)
  A rat (D:1)
7 creatures vanquished.

Notes
Turn   | Place    | Note
-------+----------+-------------------------------------------
     0 | D:1      | Chiseanne the Demonspawn Wanderer began the quest for the
                  | Orb.
     0 | D:1      | Chiseanne set off with the following items: a +2
                  | quarterstaff, a potion of curing, a scroll of
                  | teleportation, a +0 robe
     0 | D:1      | Reached XP level 1. HP: 19/19 MP: 1/1
   152 | D:1      | Reached skill level 1 in Dodging
   152 | D:1      | Gained mutation: You have sharp fingernails. [demonic
                  | ancestry]
   152 | D:1      | Reached XP level 2. HP: 14/25 MP: 2/2
   152 | D:1      | Quit the game

Illustrated notes

Levels and vault maps discovered:
D:1:      dpeg_arrival_triangle_fractal, layout_basic

Skill      XL: |  1 |
---------------+----+-----
Dodging        | 1 |  1.0
Fighting       | |  4.2
Staves         | |  2.6
Stealth        | |  1.0
Shields        | |  1.0
Evocations     | |  1.0

Action                   || total
-------------------------++-------
Melee: Quarterstaff      ||    14
Armor: Robe              ||     9
Dodge: Dodged            ||    23

Table legend: (Time is in decaauts)
 A = Elapsed time spent in this place.
 B = Non-inter-level travel time spent in this place.
 C = Inter-level travel time spent in this place.
 D = Time resting spent in this place.
 E = Time spent auto-exploring this place.
 F = Levels seen in this place.
 G = Mean time per level.
                   A        B        C        D        E       F      G
               +--------+--------+--------+--------+--------+-----+--------+
         Total |    154 |    154 |      0 |      0 |    132 |   1 |  154.0 |
       Dungeon |    154 |    154 |      0 |      0 |    132 |   1 |  154.0 |
               +--------+--------+--------+--------+--------+-----+--------+

Top non-repeatable levels by time:
     D:1: 154 daAuts
